NCAA
OKLAHOMA STATE COWBOYS @ ARIZONA STATE SUN DEVILS
04/27/2030
 
TOP OF THE 1ST
Oklahoma State Cowboys batting - Pitching for Arizona State Sun Devils : RHP Tom Davis
Pitching: RHP Tom Davis
Batting: RHB Ricardo Toledo 0-0: Ball
1-0: Ball
2-0: Ball
3-0: Called Strike
3-1: Base on Balls
Batting: SHB Simon Spencer 0-0: Swinging Strike
0-1: Ball
1-1: Grounds into double play, 6-4-3 (Groundball, 6)
Batting: SHB Jacob Lachance 0-0: Reached on error, E6 (Groundball, 6)
Batting: RHB Geoffrey Billings 0-0: Ball
1-0: Ball
2-0: DOUBLE (Line Drive, 7LM)
Jacob Lachance to third
Batting: SHB Steve Miner 0-0: Called Strike
0-1: Swinging Strike
0-2: Ball
1-2: Ball
2-2: Foul Ball, location: 2F
2-2: Strikes out looking
Top of the 1st over - 0 runs, 1 hit, 1 error, 2 left on base; Oklahoma State 0 - Arizona State 0
BOTTOM OF THE 1ST
Arizona State Sun Devils batting - Pitching for Oklahoma State Cowboys : RHP Mike Williams
Pitching: RHP Mike Williams
Batting: LHB José Serrano 0-0: Ball
1-0: Ball
2-0: Ball
3-0: Called Strike
3-1: Called Strike
3-2: Foul Ball, location: 2F
3-2: Strikes out swinging
Batting: RHB Arturo Ruíz 0-0: Swinging Strike
0-1: Foul Ball, location: 2F
0-2: Strikes out looking
Batting: RHB Gil Gardner 0-0: Foul Ball, location: 2F
0-1: Ball
1-1: Called Strike
1-2: Foul Ball, location: 2F
1-2: Ball
2-2: Ball
3-2: Base on Balls
Batting: RHB Cristo Avalos 0-0: Ball
1-0: Ball
2-0: Ball
3-0: Base on Balls
Gil Gardner to second
Batting: RHB Dan Utermarck 0-0: Swinging Strike
0-1: Called Strike
0-2: Ball
1-2: Foul Ball, location: 2F
1-2: Foul Ball, location: 2F
1-2: Fly out, F9 (Line Drive, 9LD)
Bottom of the 1st over - 0 runs, 0 hits, 0 errors, 2 left on base; Oklahoma State 0 - Arizona State 0
TOP OF THE 2ND
Oklahoma State Cowboys batting - Pitching for Arizona State Sun Devils : RHP Tom Davis
Batting: RHB Tony Swanson 0-0: Called Strike
0-1: Called Strike
0-2: Ball
1-2: Strikes out swinging
Batting: RHB Álex Guzmán 0-0: Ball
1-0: Ball
2-0: Ball
3-0: Base on Balls
Batting: SHB Enrique Martínez 0-0: Ball
1-0: Foul Ball, location: 2F
1-1: Swinging Strike
1-2: Ball
2-2: Fly out, F4 (Line Drive, 4)
Batting: RHB Stephen Olvera 0-0: Called Strike
0-1: Foul Ball, location: 2F
0-2: Fielders Choice at 2nd, 5-4 (Groundball, 56)
Top of the 2nd over - 0 runs, 0 hits, 0 errors, 1 left on base; Oklahoma State 0 - Arizona State 0
BOTTOM OF THE 2ND
Arizona State Sun Devils batting - Pitching for Oklahoma State Cowboys : RHP Mike Williams
Batting: LHB Lou Townsend 0-0: Ball
1-0: Ball
2-0: Foul Ball, location: 2F
2-1: SINGLE (Line Drive, 6)
Batting: LHB Leonardo Ríos 0-0: Ball
1-0: Ball
2-0: Ball
3-0: Called Strike
3-1: Swinging Strike
3-2: Base on Balls
Lou Townsend to second
Batting: LHB Christian Lindsey 0-0: Called Strike
0-1: Called Strike
0-2: Ball
1-2: Ball
2-2: Ball
Wild Pitch!
Lou Townsend to third
Leonardo Ríos to second
3-2: Foul Ball, location: 2F
3-2: Base on Balls
Batting: RHB Michael Irvin 0-0: Called Strike
0-1: Called Strike
0-2: Foul Ball, location: 2F
0-2: Fielders Choice at 2nd, 4-6 (Groundball, 4)
Lou Townsend scores
Leonardo Ríos to third
Batting: LHB José Serrano 0-0: Foul Ball, location: 2F
0-1: Foul Ball, location: 2F
0-2: Ball
1-2: Ball
2-2: Strikes out swinging
Batting: RHB Arturo Ruíz 0-0: SINGLE (Line Drive, 34D)
Leonardo Ríos scores
Michael Irvin to second
Runner from 2nd tries for 3rd, SAFE, throw made to third
Batting: RHB Gil Gardner 0-0: Ground out 3-1 (Groundball, 34S)
Bottom of the 2nd over - 2 runs, 2 hits, 0 errors, 2 left on base; Oklahoma State 0 - Arizona State 2
TOP OF THE 3RD
Oklahoma State Cowboys batting - Pitching for Arizona State Sun Devils : RHP Tom Davis
Batting: RHB Ricardo Toledo 0-0: Called Strike
0-1: Swinging Strike
0-2: Ball
1-2: Strikes out swinging
Batting: SHB Simon Spencer 0-0: Reached on error, E3 (Groundball, 34)
Batting: SHB Jacob Lachance 0-0: Called Strike
0-1: Ball
1-1: Ball
2-1: Called Strike
2-2: Ball
3-2: Foul Ball, location: 2F
3-2: Strikes out swinging
Batting: RHB Geoffrey Billings 0-0: Foul Ball, location: 2F
0-1: Ball
1-1: Foul Ball, location: 2F
1-2: Foul Ball, location: 2F
1-2: Ball
2-2: Strikes out swinging
Top of the 3rd over - 0 runs, 0 hits, 1 error, 1 left on base; Oklahoma State 0 - Arizona State 2
BOTTOM OF THE 3RD
Arizona State Sun Devils batting - Pitching for Oklahoma State Cowboys : RHP Mike Williams
Batting: RHB Cristo Avalos 0-0: Ball
1-0: Ball
2-0: Called Strike
2-1: Ball
3-1: Called Strike
3-2: Base on Balls
Batting: RHB Dan Utermarck 0-0: SINGLE (Groundball, 6MD)
Cristo Avalos to second
Batting: LHB Lou Townsend 0-0: Ball
1-0: Ground out 5-3 (Groundball, 56S)
Cristo Avalos to third
Dan Utermarck to second
Batting: LHB Leonardo Ríos 0-0: Called Strike
0-1: Foul Ball, location: 2F
0-2: Ball
1-2: SINGLE (Line Drive, 9LS)
Cristo Avalos scores
Dan Utermarck to third
Runner from 3rd tries for Home, SAFE, throw made home
Batting: LHB Christian Lindsey 0-0: Called Strike
0-1: Foul Ball, location: 2F
0-2: Strikes out looking
Batting: RHB Michael Irvin 0-0: Ball
1-0: Fielders Choice at 2nd, 5-4 (Groundball, 5L)
Bottom of the 3rd over - 2 runs, 2 hits, 0 errors, 1 left on base; Oklahoma State 0 - Arizona State 4
TOP OF THE 4TH
Oklahoma State Cowboys batting - Pitching for Arizona State Sun Devils : RHP Tom Davis
Batting: SHB Steve Miner 0-0: Foul Ball, location: 2F
0-1: Fly out, F7 (Flyball, 7LS)
Batting: RHB Tony Swanson 0-0: Ball
1-0: Ball
2-0: Ball
3-0: Called Strike
3-1: Base on Balls
Batting: RHB Álex Guzmán 0-0: Foul Ball, location: 2F
0-1: Foul Ball, location: 2F
0-2: Foul Ball, location: 2F
0-2: Strikes out looking
Tony Swanson is caught stealing 2nd base
Batter strikes out.
Top of the 4th over - 0 runs, 0 hits, 0 errors, 0 left on base; Oklahoma State 0 - Arizona State 4
BOTTOM OF THE 4TH
Arizona State Sun Devils batting - Pitching for Oklahoma State Cowboys : RHP Mike Williams
Batting: LHB José Serrano 0-0: Foul Ball, location: 2F
0-1: Ball
1-1: Swinging Strike
1-2: Ground out 4-3 (Groundball, 4)
Batting: RHB Arturo Ruíz 0-0: Called Strike
0-1: Ball
1-1: Swinging Strike
1-2: Foul Ball, location: 2F
1-2: Strikes out swinging
Batting: RHB Gil Gardner 0-0: SINGLE (Groundball, 6) (infield hit)
Pitching: RHP Dan Cook
Batting: RHB Cristo Avalos 0-0: Called Strike
0-1: Called Strike
0-2: Foul Ball, location: 2F
0-2: Fly out, F7 (Flyball, 7D)
Bottom of the 4th over - 0 runs, 1 hit, 0 errors, 1 left on base; Oklahoma State 0 - Arizona State 4
TOP OF THE 5TH
Oklahoma State Cowboys batting - Pitching for Arizona State Sun Devils : RHP Tom Davis
Batting: SHB Enrique Martínez 0-0: Foul Ball, location: 2F
0-1: Foul Ball, location: 2F
0-2: Ball
1-2: SINGLE (Line Drive, 8RS)
Batting: RHB Stephen Olvera 0-0: Ball
1-0: Fly out, F7 (Flyball, 7)
Batting: RHB Ricardo Toledo 0-0: Ball
1-0: Ball
2-0: Ball
3-0: Base on Balls
Enrique Martínez to second
Batting: SHB Simon Spencer 0-0: Foul Ball, location: 2F
0-1: Ball
1-1: Grounds into double play, 6-4-3 (Groundball, 6)
Top of the 5th over - 0 runs, 1 hit, 0 errors, 1 left on base; Oklahoma State 0 - Arizona State 4
BOTTOM OF THE 5TH
Arizona State Sun Devils batting - Pitching for Oklahoma State Cowboys : RHP Dan Cook
Batting: RHB Dan Utermarck 0-0: Ball
1-0: Ball
2-0: Ball
3-0: Called Strike
3-1: Foul Ball, location: 2F
3-2: Foul Ball, location: 2F
3-2: Foul Ball, location: 2F
3-2: Base on Balls
Batting: LHB Lou Townsend 0-0: Foul Ball, location: 2F
0-1: Foul Ball, location: 2F
0-2: Ball
1-2: Ball
2-2: Foul Ball, location: 2F
2-2: Ball
Dan Utermarck steals 2nd base
3-2: Base on Balls
Batting: LHB Leonardo Ríos 0-0: Called Strike
0-1: Called Strike
0-2: Ball
1-2: 3-RUN HOME RUN (Flyball, 9D), Distance : 367 ft
Batting: LHB Christian Lindsey 0-0: Ball
1-0: Called Strike
1-1: Foul Ball, location: 2F
1-2: Strikes out swinging, 2-3 out at first.
Batting: RHB Michael Irvin 0-0: Called Strike
0-1: Swinging Strike
0-2: Strikes out looking
Batting: LHB José Serrano 0-0: Foul Ball, location: 2F
0-1: Ball
1-1: Ball
2-1: Ball
3-1: Called Strike
3-2: Ground out 1-3 (Groundball, 13)
Bottom of the 5th over - 3 runs, 1 hit, 0 errors, 0 left on base; Oklahoma State 0 - Arizona State 7
TOP OF THE 6TH
Oklahoma State Cowboys batting - Pitching for Arizona State Sun Devils : RHP Tom Davis
Batting: SHB Jacob Lachance 0-0: Called Strike
0-1: SINGLE (Groundball, 3D)
Batting: RHB Geoffrey Billings 0-0: Ball
1-0: Called Strike
1-1: Foul Ball, location: 2F
1-2: Strikes out swinging
Pitching: LHP Maurice Chappell
Batting: SHB Steve Miner 0-0: Called Strike
0-1: SINGLE (Groundball, 56D)
Jacob Lachance to second
Batting: RHB Tony Swanson 0-0: Ball
1-0: Ball
2-0: Ball
3-0: Called Strike
3-1: SINGLE (Flyball, 8RS)
Jacob Lachance to third
Steve Miner to second
Runner from 3rd tries for Home, SAFE, no throw
Batting: RHB Álex Guzmán 0-0: Called Strike
0-1: Ball
1-1: Ball
2-1: DOUBLE (Line Drive, 7D)
Steve Miner scores
Tony Swanson to third
Batting: SHB Enrique Martínez 0-0: Ball
1-0: Ball
2-0: Ball
3-0: Base on Balls
Batting: RHB Stephen Olvera 0-0: Called Strike
0-1: Ball
1-1: Swinging Strike
1-2: Ball
2-2: Foul Ball, location: 2F
2-2: Fly out, F3 (Popup, 34S)
Batting: RHB Ricardo Toledo 0-0: Fielders Choice at 2nd, 6-4 (Groundball, 6)
Top of the 6th over - 2 runs, 4 hits, 0 errors, 3 left on base; Oklahoma State 2 - Arizona State 7
BOTTOM OF THE 6TH
Arizona State Sun Devils batting - Pitching for Oklahoma State Cowboys : RHP Dan Cook
Batting: RHB Arturo Ruíz 0-0: Called Strike
0-1: Ball
1-1: Ball
2-1: Called Strike
2-2: Fly out, F7 (Flyball, 7S)
Batting: RHB Gil Gardner 0-0: DOUBLE (Line Drive, 89XD)
Batting: RHB Cristo Avalos 0-0: Called Strike
0-1: Ball
1-1: Ground out 4-3 (Groundball, 4)
Gil Gardner to third
Batting: RHB Dan Utermarck 0-0: Swinging Strike
0-1: Called Strike
0-2: Ball
1-2: Foul Ball, location: 2F
1-2: Ground out 4-3 (Groundball, 4)
Bottom of the 6th over - 0 runs, 1 hit, 0 errors, 1 left on base; Oklahoma State 2 - Arizona State 7
TOP OF THE 7TH
Oklahoma State Cowboys batting - Pitching for Arizona State Sun Devils : LHP Maurice Chappell
Batting: SHB Simon Spencer 0-0: Ball
1-0: Called Strike
1-1: Foul Ball, location: 2F
1-2: Fly out, F8 (Flyball, 89D)
Batting: SHB Jacob Lachance 0-0: Foul Ball, location: 2F
0-1: Ball
1-1: Foul Ball, location: 2F
1-2: Ground out 6-3 (Groundball, 6M)
Batting: RHB Geoffrey Billings 0-0: Fly out, F9 (Flyball, 9S)
Top of the 7th over - 0 runs, 0 hits, 0 errors, 0 left on base; Oklahoma State 2 - Arizona State 7
BOTTOM OF THE 7TH
Arizona State Sun Devils batting - Pitching for Oklahoma State Cowboys : RHP Dan Cook
Batting: LHB Lou Townsend 0-0: Ball
1-0: Swinging Strike
1-1: Hit by Pitch
Pitching: RHP Bob Goode
Batting: LHB Leonardo Ríos 0-0: Ball
1-0: Fly out, F7 (Line Drive, 7S)
Batting: LHB Christian Lindsey 0-0: Ball
1-0: Foul Ball, location: 2F
1-1: SINGLE (Flyball, 78M)
Lou Townsend to second
Batting: RHB Michael Irvin 0-0: Foul Ball, location: 2F
0-1: Ball
1-1: Foul Ball, location: 2F
1-2: Ball
2-2: Foul Ball, location: 2F
2-2: Foul Ball, location: 2F
2-2: Strikes out swinging
Batting: LHB José Serrano 0-0: SINGLE (Groundball, 4MD)
Lou Townsend to third
Christian Lindsey to second
Runner from 3rd tries for Home, SAFE, no throw
Batting: RHB Arturo Ruíz 0-0: Ball
1-0: Fly out, F7 (Line Drive, 7)
Bottom of the 7th over - 1 run, 2 hits, 0 errors, 2 left on base; Oklahoma State 2 - Arizona State 8
TOP OF THE 8TH
Oklahoma State Cowboys batting - Pitching for Arizona State Sun Devils : LHP Maurice Chappell
Batting: SHB Steve Miner 0-0: Ball
1-0: Called Strike
1-1: Called Strike
1-2: Foul Ball, location: 2F
1-2: Fly out, F8 (Flyball, 8LM)
Batting: RHB Tony Swanson 0-0: Fly out, F9 (Flyball, 9S)
Batting: RHB Álex Guzmán 0-0: Ball
1-0: Foul Ball, location: 2F
1-1: Foul Ball, location: 2F
1-2: Fly out, F4 (Popup, 13S)
Top of the 8th over - 0 runs, 0 hits, 0 errors, 0 left on base; Oklahoma State 2 - Arizona State 8
BOTTOM OF THE 8TH
Arizona State Sun Devils batting - Pitching for Oklahoma State Cowboys : RHP Bob Goode
Batting: RHB Gil Gardner 0-0: Ball
1-0: Ball
2-0: Ball
3-0: Called Strike
3-1: Called Strike
3-2: Fly out, F7 (Flyball, 78M)
Batting: RHB Cristo Avalos 0-0: Called Strike
0-1: Called Strike
0-2: Ball
1-2: Foul Ball, location: 2F
1-2: SINGLE (Groundball, 6MD)
Batting: RHB Dan Utermarck 0-0: Ball
1-0: SINGLE (Groundball, 6MD)
Cristo Avalos to second
Runner from 2nd tries for 3rd, SAFE, no throw
Batting: LHB Lou Townsend 0-0: Ball
1-0: Ball
2-0: SINGLE (Line Drive, 8RS)
Cristo Avalos scores
Dan Utermarck to second
Batting: LHB Leonardo Ríos 0-0: Ball
1-0: Ground out 6-3 (Groundball, 6M)
Dan Utermarck to third
Lou Townsend to second
Batting: LHB Christian Lindsey 0-0: DOUBLE (Line Drive, 9LM)
Dan Utermarck scores
Lou Townsend scores
Batting: RHB Michael Irvin 0-0: Ground out 4-3 (Groundball, 4)
Bottom of the 8th over - 3 runs, 4 hits, 0 errors, 1 left on base; Oklahoma State 2 - Arizona State 11
TOP OF THE 9TH
Oklahoma State Cowboys batting - Pitching for Arizona State Sun Devils : LHP Maurice Chappell
Batting: SHB Enrique Martínez 0-0: Called Strike
0-1: Ball
1-1: Foul Ball, location: 2F
1-2: Strikes out swinging
Batting: RHB Stephen Olvera 0-0: Ball
1-0: SOLO HOME RUN (Line Drive, 78XD), Distance : 391 ft
Batting: RHB Ricardo Toledo 0-0: Ball
1-0: Ground out 5-3 (Groundball, 56)
Batting: SHB Simon Spencer 0-0: Ball
1-0: Ball
2-0: Foul Ball, location: 2F
2-1: SINGLE (Groundball, 6M) (infield hit)
Batting: SHB Jacob Lachance 0-0: Ground out U3 (Groundball, 3)
Top of the 9th over - 1 run, 2 hits, 0 errors, 1 left on base; Oklahoma State 3 - Arizona State 11
Saturday, April 7th, 2018 - OOTP Baseball 18.8 Build 76